 Dungeon Crawl Stone Soup version 0.19.0-16-g73b5abf (webtiles) character file.

77 dobroeutro the Cudgeler (level 4, -1/28 HPs)
             Began as a Gargoyle Berserker on Nov 10, 2016.
             Was a Believer of Trog.
             Slain by Sigmund
             ... wielding a +3 scythe of protection
              (3 damage)
             ... on level 2 of the Dungeon.
             The game lasted 00:02:36 (1544 turns).

dobroeutro the Cudgeler (Gargoyle Berserker)        Turns: 1544, Time: 00:02:37

Health: -1/28      AC: 11    Str: 21    XL:     4   Next: 34%
Magic:  0/4        EV:  7    Int: 12    God:    Trog [**....]
Gold:   40         SH:  7    Dex: 10    Spells: 0 memorised, 3 levels left

rFire  . . .     SeeInvis .     a - +0 mace
rCold  . . .     Gourm    .     i - +0 scale mail
rNeg   + . .     Faith    .     m - +0 shield
rPois  ∞         Spirit   +     g - +1 hat
rElec  +         Reflect  .     (no cloak)
rCorr  .         Harm     .     (no gloves)
MR     .....                    (no boots)
Stlth  ..........               d - amulet of guardian spirit
                                (no ring)
                                (no ring)

@: brilliant, exhausted, slowed, very slow
A: negative energy resistance 1, electricity resistance, unbreathing,
petrification resistance, rot immunity, AC +3
a: Berserk, Trog's Hand, Burn Spellbooks, Renounce Religion


You were on level 2 of the Dungeon.
You worshipped Trog.
Trog was pleased with you.
You were very hungry.

You visited 1 branch of the dungeon, and saw 2 of its levels.

You collected 40 gold pieces.

Inventory:

Hand Weapons
 a - a +0 mace (weapon)
Armour
 g - a +1 hat (worn)
 i - a +0 scale mail (worn)
 m - a +0 shield (worn)
Jewellery
 d - an amulet of guardian spirit (around neck)
Scrolls
 e - 3 scrolls of remove curse {unknown}
 j - a scroll of magic mapping {unknown}
 k - 2 scrolls of blinking {unknown}
 l - a scroll of enchant armour {unknown}
 o - a scroll of fear {unknown}
 p - a scroll of teleportation {unknown}
Books
 q - a book of Minor Magic

   Spells                             Type                      Level
   a - Magic Dart                     Conjuration                  1
   b - Blink                          Translocation                2
   c - Call Imp                       Summoning                    2
   d - Repel Missiles                 Charms/Air                   2
   e - Slow                           Hexes                        2
   f - Conjure Flame                  Conjuration/Fire             3
   g - Mephitic Cloud                 Conjuration/Poison/Air       3
   Trog disapproves of the use of such an item.
Comestibles
 c - 4 bread rations
 f - 2 meat rations
 h - a slice of pizza


   Skills:
 - Level 3.2 Fighting
 + Level 5.0 Maces & Flails
 - Level 2.1 Armour
 - Level 1.5 Dodging


You had 3 spell levels left.
You didn't know any spells.

Dungeon Overview and Level Annotations

Branches:
Dungeon (2/15)

Altars:

Annotations:
D:2 Sigmund


Innate Abilities, Weirdness & Mutations

You are resistant to torment.
Your stone body is resilient. (AC +3)
You are immune to poison.
You resist negative energy. (rN+)
You are resistant to electric shocks. (rElec)
You can survive without breathing.
You are immune to petrification.
You are immune to rotting.


Message History

Sigmund is moderately wounded.
Sigmund hits you with a scythe of protection.
It was a potion of brilliance.
You feel clever all of a sudden. You block Sigmund's attack.
You hit Sigmund.
Sigmund is heavily wounded.
Sigmund hits you but does no damage. You block Sigmund's attack.
You hit Sigmund but do no damage.
Sigmund is heavily wounded.
Sigmund hits you with a scythe of protection.
* * * LOW HITPOINT WARNING * * *
You sock Sigmund!
Sigmund is almost dead.
Sigmund points at you and mumbles some strange words.
You resist with some effort.
You hit Sigmund but do no damage.
Sigmund is almost dead.
Sigmund hits you with a scythe of protection.
You die...

†.#.#..'.'..#.#.⌠#.# ..
..#.#..#.#..#†#..#.# ####### ..
'##.#+##.#+##.#'##.# #.....# ..
...................# #.....# .^
+##.#'##.#'##.#+##.# ###.....# ..
..#.#..#.#..#.#..#.###.......##..
..'.'..#.#).'.'..#.#.........#...
###.####.####.####.#..##...K.Kr..
................@@.#...(#r#####..
##################(##..K(((..)...
............#...#.....########...
.#####..##............####.......
.# #..#..##...#..##...##.######
## ##...........#.####........##
###...#.######.#.#####.#####...
##............................<.
#..#####.###############.#.####.


You could see Sigmund.

Vanquished Creatures
  A gnoll (D:1)
  An adder (D:2)
  An ooze (D:1)
  A worm (D:2)
  2 dart slugs (D:1)
  A leopard gecko (D:2)
  8 bats
  2 giant cockroaches (D:1)
  7 hobgoblins
  3 jackals (D:2)
  8 kobolds
  A quokka (D:2)
  5 frilled lizards
  A goblin (D:1)
  5 rats
47 creatures vanquished.

Notes
Turn   | Place    | Note
-------+----------+-------------------------------------------
     0 | D:1      | dobroeutro the Gargoyle Berserker began the quest for the Orb.
     0 | D:1      | Reached XP level 1. HP: 14/14 MP: 1/1
   211 | D:1      | Reached XP level 2. HP: 7/19 MP: 0/2
   627 | D:1      | Reached skill level 4 in Maces & Flails
   714 | D:1      | Reached XP level 3. HP: 23/23 MP: 3/3
  1204 | D:2      | Reached ** piety under Trog
  1359 | D:2      | Reached XP level 4. HP: 14/28 MP: 4/4
  1488 | D:2      | Reached skill level 5 in Maces & Flails
  1494 | D:2      | Noticed Sigmund
  1544 | D:2      | Slain by Sigmund

Skill      XL: |  1  2  3  4 |
---------------+-------------+-----
Maces & Flails | 4 5 |  5.0
Fighting       | |  3.2
Armour         | |  2.1
Dodging        | |  1.5

Action                   |  1- 3 |  4- 6 || total
-------------------------+-------+-------++-------
Melee: Mace              |   122 |    56 ||   178
Invok: Berserk           |       |     1 ||     1
  Use: Potion            |       |     1 ||     1
 Stab: Sleeping          |     2 |       ||     2
  Eat: Chunk             |     2 |       ||     2
Armor: Animal skin       |     8 |       ||     8
       Scale mail        |    43 |    40 ||    83
Dodge: Dodged            |    58 |    24 ||    82
Block: Shield            |     3 |    26 ||    29
